Map: 필러스 오브 골드 - 래더

Players

Stats - Winner!

  • Race: Protoss Protoss
  • Spawn Location: 7:00

Reynor

  • Race: Zerg Zerg
  • Spawn Location: 1:00

Event: StayAtHome Story Cup #3

VOD

Have the link to the VOD?

Description

Time

  • Played on: March 12, 2021, 9:17 a.m.
  • Length: 16:28

All games in this series

Show
View Real Time Build Order
Export as new Build Order

Stats Protoss - Winner!

Build Orders: 1 Gate Expand, Oracle Opening, Carriers 

Get SALT Encoding   

  12  0:00  Probe  
  13  0:12  Probe  
  14  0:19  Pylon  
  14  0:25  Probe  
  15  0:37  Probe (Chrono Boost)  
  16  0:44  Gateway  
  16  0:47  Probe (Chrono Boost)  
  17  0:50  Assimilator  
  17  0:53  Probe  
  18  1:05  Probe  
  19  1:17  Probe  
  20  1:28  Nexus  
  20  1:38  Cybernetics Core  
  20  1:41  Probe  
  21  1:48  Assimilator  
  21  1:54  Probe  
  22  1:58  Pylon  
  22  2:06  Probe  
  23  2:13  Adept (Chrono Boost)  
  23  2:18  Probe  
  26  2:24  Stargate  
  26  2:29  Warp Gate  
  26  2:31  Probe (Chrono Boost)  
  26  2:34  Adept (Chrono Boost)  
  29  2:40  Probe (Chrono Boost)  
  31  2:48  Probe (Chrono Boost)  
  31  2:50  Probe (Chrono Boost)  
  32  2:54  Probe (Chrono Boost)  
  32  2:57  Adept  
  35  3:03  Probe  
  35  3:04  Void Ray (Chrono Boost)  
  36  3:06  Probe  
  41  3:25  Probe x2  
  43  3:28  Pylon  
  43  3:32  Gateway  
  43  3:40  Oracle (Chrono Boost)  
  43  3:43  Pylon  
  43  3:46  Probe (Chrono Boost)  
  43  3:47  Probe (Chrono Boost)  
  48  3:53  Twilight Council  
  48  3:59  Probe (Chrono Boost)  
  50  4:04  Probe (Chrono Boost)  
  50  4:08  Probe (Chrono Boost)  
  51  4:10  Nexus  
  51  4:14  Pylon  
  51  4:21  Gateway  
  51  4:22  Resonating Glaives (Chrono Boost)  
  51  4:25  Gateway  
  51  4:34  Adept x2  
  55  4:40  Probe x2  
  57  4:47  Assimilator x2  
  57  4:51  Pylon  
  57  4:52  Probe x2  
  59  4:57  Adept x2  
  63  5:04  Probe x2  
  65  5:18  Probe  
  65  5:19  Probe  
  65  5:20  Adept x4  
  75  5:23  Probe (Chrono Boost)  
  76  5:32  Probe (Chrono Boost)  
  79  5:37  Probe (Chrono Boost), Forge  
  79  5:40  Probe (Chrono Boost)  
  79  5:41  Adept x2  
  79  5:42  Adept x2  
  87  5:46  Probe (Chrono Boost)  
  87  5:47  Probe  
  87  5:48  Probe  
  90  5:52  Pylon  
  90  5:58  Protoss Ground Weapons Level 1 (Chrono Boost)  
  90  6:01  Blink  
  82  6:12  Sentry x3  
  82  6:13  Probe x3  
  91  6:25  Probe x3  
  94  6:26  Gateway  
  94  6:30  Gateway x2  
  94  6:32  Robotics Facility  
  90  6:40  Probe x3  
  90  6:41  Gateway  
  93  6:49  Shield Battery  
  93  6:51  Stalker x3, Sentry  
  93  6:53  Shield Battery  
  101  6:56  Assimilator  
  101  7:00  Phoenix  
  101  7:03  Phoenix  
  101  7:05  Pylon  
  101  7:06  Pylon  
  101  7:08  Shield Battery  
  101  7:09  Pylon, Assimilator  
  101  7:23  Probe x3  
  101  7:29  Warp Prism (Chrono Boost)  
  104  7:35  Probe, Stalker x6  
  104  7:36  Stalker x2  
  123  7:39  Pylon x2  
  123  7:40  Probe  
  124  7:55  Protoss Ground Weapons Level 2 (Chrono Boost)  
  125  7:58  Observer  
  125  8:02  Charge  
  125  8:11  Stalker  
  125  8:12  Stalker x7  
  139  8:18  Pylon  
  141  8:21  Pylon, Robotics Bay  
  141  8:22  Robotics Facility  
  141  8:27  Photon Cannon  
  141  8:29  Pylon  
  141  9:01  Extended Thermal Lance  
  137  9:06  Colossus (Chrono Boost)  
  137  9:08  Colossus (Chrono Boost), Nexus  
  143  9:12  Shield Battery  
  143  9:13  Shield Battery  
  143  9:15  Shield Battery  
  149  9:21  Photon Cannon  
  149  9:22  Photon Cannon  
  149  9:23  Photon Cannon  
  149  9:25  Photon Cannon  
  149  9:27  Pylon  
  149  9:34  Probe x3  
  149  9:37  Assimilator  
  152  9:39  Templar Archives  
  152  9:41  Assimilator  
  152  9:51  Colossus (Chrono Boost)  
  152  9:53  Probe x3  
  157  10:04  Colossus (Chrono Boost)  
  161  10:12  Probe x3  
  161  10:13  Protoss Ground Weapons Level 3 (Chrono Boost)  
  164  10:15  Stalker x4  
  172  10:23  Psionic Storm  
  172  10:52  Zealot x8  
  172  11:10  Probe x4  
  174  11:17  High Templar x3  
  174  11:18  Zealot x4  
  188  11:28  Gateway  
  188  11:30  Nexus  
  188  11:31  Gateway  
  188  11:33  Pylon  
  188  11:36  Pylon  
  188  11:52  Gateway  
  188  11:54  Zealot x4  
  188  11:55  Gateway  
  188  11:56  Pylon  
  188  11:58  High Templar x2, Pylon  
  192  12:03  Fleet Beacon  
  192  12:06  Stargate  
  192  12:11  Stargate  
  192  12:14  Zealot x2  
  196  12:16  Shield Battery  
  196  12:17  Protoss Air Weapons Level 1 (Chrono Boost)  
  196  12:19  Shield Battery  
  196  12:21  Photon Cannon  
  194  12:28  Zealot  
  194  12:29  Zealot x3  
  191  12:42  Nexus  
  189  12:46  Pylon  
  187  12:54  Archon  
  187  12:55  Archon  
  165  12:58  High Templar x3  
  165  13:01  Carrier x3  
  183  13:07  Zealot x3  
  183  13:08  Zealot  
  183  13:09  Photon Cannon  
  183  13:11  Photon Cannon  
  185  13:13  Photon Cannon  
  185  13:15  Shield Battery  
  185  13:18  Assimilator  
  183  13:20  Assimilator  
  183  13:25  Zealot x5  
  183  13:27  Protoss Shields Level 1  
  193  13:44  Pylon  
  193  13:50  Photon Cannon  
  193  13:52  Photon Cannon  
  193  13:54  Shield Battery  
  193  13:55  Shield Battery  
  189  14:02  Carrier (Chrono Boost)  
  189  14:06  Carrier (Chrono Boost)  
  197  14:17  Carrier (Chrono Boost)  
  189  14:18  Protoss Air Weapons Level 2 (Chrono Boost)  
  189  14:19  Photon Cannon  
  189  14:20  Shield Battery  
  189  14:27  Probe x4  
  189  14:28  Photon Cannon  
  189  14:30  Photon Cannon  
  193  14:35  Stalker  
  193  14:36  Stalker x2  
  199  14:44  Photon Cannon  
  199  14:47  Photon Cannon  
  199  14:49  Photon Cannon  
  199  14:55  Photon Cannon  
  199  14:58  Photon Cannon  
  199  15:04  Stalker  
  199  15:05  Stalker x2  
  164  15:47  Zealot x3  
  164  15:49  Zealot x10  
  176  15:50  Zealot  
  176  16:16  Zealot x5  
  176  16:17  Zealot x6  
Show
View Real Time Build Order
Export as new Build Order

Reynor Zerg 

Build Orders: Hatch First 

Get SALT Encoding   

  12  0:00  Drone  
  13  0:12  Overlord  
  13  0:17  Drone  
  14  0:30  Drone  
  14  0:31  Drone  
  16  0:45  Drone  
  17  0:53  Hatchery  
  16  0:57  Drone  
  16  1:01  Drone  
  18  1:12  Extractor  
  18  1:17  Spawning Pool  
  16  1:20  Drone  
  16  1:23  Drone  
  18  1:29  Drone  
  19  1:39  Drone  
  20  1:51  Overlord  
  20  2:03  Queen  
  20  2:05  Queen  
  20  2:06  Drone x2  
  26  2:13  Zergling x2  
  27  2:16  Zergling x2  
  27  2:21  Drone  
  29  2:23  Metabolic Boost  
  29  2:27  Drone  
  30  2:42  Hatchery  
  29  2:46  Drone x2  
  29  2:48  Zergling x2  
  32  2:55  Queen  
  34  2:59  Overlord  
  34  3:02  Zergling x2  
  34  3:04  Zergling x2  
  36  3:12  Overlord  
  36  3:19  Drone x2  
  38  3:23  Overlord  
  38  3:25  Drone x3  
  40  3:31  Overlord  
  40  3:36  Queen  
  40  3:37  Drone  
  43  3:42  Overlord  
  43  3:48  Queen  
  45  3:50  Drone  
  45  3:54  Drone x2  
  48  3:57  Drone  
  48  4:01  Queen  
  51  4:05  Drone x3  
  51  4:09  Drone  
  55  4:12  Drone  
  55  4:15  Overlord  
  57  4:17  Drone  
  57  4:20  Drone  
  58  4:25  Drone x3  
  58  4:26  Drone  
  58  4:27  Drone  
  58  4:29  Queen  
  65  4:35  Drone  
  65  4:37  Roach Warren  
  65  4:38  Drone x2  
  67  4:43  Drone  
  65  4:47  Overlord  
  65  4:48  Drone  
  65  4:51  Drone x3  
  69  4:55  Lair  
  69  4:57  Extractor, Drone x2  
  69  4:58  Extractor  
  69  5:00  Zergling x4  
  69  5:02  Drone  
  69  5:06  Queen  
  74  5:09  Drone  
  74  5:10  Drone  
  75  5:17  Drone  
  75  5:19  Overlord  
  75  5:20  Drone x3  
  75  5:21  Drone x2  
  81  5:22  Evolution Chamber  
  81  5:23  Drone x2  
  81  5:25  Drone  
  81  5:27  Spore Crawler  
  82  5:35  Drone x2, Overlord  
  83  5:38  Extractor  
  83  5:39  Roach x3  
  88  5:44  Roach  
  88  5:46  Evolution Chamber, Roach  
  92  5:50  Roach x2  
  92  5:51  Evolution Chamber, Spore Crawler  
  92  5:54  Roach x2  
  92  5:55  Roach  
  100  6:02  Roach x3  
  104  6:08  Drone x3  
  104  6:09  Drone  
  98  6:19  Drone x7  
  97  6:29  Drone x2  
  97  6:30  Drone x2  
  100  6:38  Drone x3  
  103  6:40  Drone  
  104  6:47  Overlord  
  104  6:48  Spore Crawler  
  104  6:49  Zerg Missile Weapons Level 1  
  104  6:50  Drone  
  104  6:51  Drone  
  105  6:55  Extractor  
  105  6:57  Extractor  
  103  7:02  Glial Reconstitution  
  103  7:08  Ravager x2  
  105  7:09  Roach x4  
  105  7:10  Hatchery  
  105  7:12  Roach  
  113  7:16  Drone  
  113  7:19  Overlord x2  
  114  7:23  Overlord  
  114  7:28  Overlord  
  114  7:29  Overseer  
  114  7:35  Overlord  
  114  7:38  Ravager x2  
  114  7:39  Roach x7  
  114  7:41  Overlord  
  130  7:48  Roach x3  
  130  7:49  Drone  
  130  7:50  Spore Crawler  
  130  7:51  Drone  
  137  7:56  Baneling Nest, Roach x2  
  137  7:58  Drone, Ravager  
  141  7:59  Drone  
  141  8:00  Drone  
  141  8:02  Drone x2  
  146  8:05  Overlord  
  146  8:08  Ravager  
  146  8:09  Roach x2  
  146  8:10  Zergling x2  
  146  8:12  Drone  
  153  8:13  Drone  
  153  8:14  Overlord  
  153  8:19  Overlord x2  
  156  8:27  Drone x3, Ravager x2  
  156  8:29  Zergling x2  
  156  8:30  Zergling x10  
  165  8:36  Overlord  
  165  8:39  Drone x3, Zerg Melee Weapons Level 1  
  169  8:41  Ravager  
  169  8:42  Drone x3  
  169  8:44  Centrifical Hooks  
  169  8:47  Zergling x6  
  175  8:55  Drone x2  
  176  8:56  Zergling x10  
  175  9:06  Zergling x10  
  175  9:09  Drone x2  
  182  9:16  Drone  
  183  9:18  Spine Crawler  
  182  9:29  Baneling x17  
  182  9:31  Zerg Missile Weapons Level 2  
  182  9:33  Infestation Pit  
  182  9:34  Zergling x24  
  182  9:38  Hatchery  
  192  9:44  Zergling x16  
  200  9:51  Drone x2  
  199  9:59  Drone  
  198  10:00  Drone x2  
  198  10:02  Drone  
  199  10:14  Spore Crawler  
  199  10:15  Spine Crawler  
  199  10:16  Baneling x31  
  199  10:19  Drone x2  
  199  10:22  Extractor  
  189  10:36  Zergling x18  
  189  10:37  Zergling x2  
  189  10:38  Hive  
  194  11:02  Zergling x46  
  185  11:05  Roach x3  
  185  11:06  Roach  
  185  11:08  Zergling x4, Roach  
  185  11:09  Zergling x2  
  193  11:17  Drone x2  
  193  11:18  Drone x5  
  200  11:19  Baneling x25  
  200  11:20  Baneling  
  200  11:27  Baneling x5  
  196  11:51  Zergling x32  
  200  11:58  Drone x3  
  200  12:01  Baneling x21  
  196  12:07  Drone x4, Extractor  
  199  12:10  Spine Crawler, Spore Crawler  
  199  12:11  Zerg Melee Weapons Level 2  
  197  12:16  Spine Crawler x2  
  197  12:18  Drone x5  
  183  12:37  Zergling x36  
  183  12:43  Zergling x6, Roach x4  
  194  12:47  Zergling x2  
  194  12:48  Zergling x2, Roach  
  191  12:55  Zergling x8, Roach  
  169  12:59  Baneling  
  169  13:00  Baneling x13, Roach  
  169  13:03  Baneling x6  
  169  13:04  Zergling x2, Roach  
  169  13:05  Zergling x10  
  175  13:10  Ravager x3  
  175  13:13  Zergling x4, Roach  
  175  13:15  Baneling x5  
  175  13:16  Baneling  
  175  13:17  Zergling x8  
  183  13:20  Baneling x3  
  183  13:23  Zergling x2  
  184  13:30  Zergling x16  
  184  13:36  Zergling x6  
  187  13:42  Drone x3  
  187  13:43  Drone x2, Spire  
  187  13:45  Spore Crawler  
  187  13:48  Baneling x11  
  190  13:51  Drone x2  
  190  13:54  Extractor, Spine Crawler, Zergling x6  
  190  13:55  Extractor  
  182  14:03  Zergling x10, Roach  
  182  14:05  Zergling x2  
  182  14:08  Queen, Zergling x2, Roach  
  185  14:12  Drone x3  
  185  14:14  Baneling x15  
  185  14:15  Baneling, Zergling x6  
  188  14:22  Spine Crawler  
  187  14:25  Drone x4  
  187  14:26  Drone x2  
  187  14:27  Drone  
  187  14:28  Drone  
  187  14:30  Extractor  
  194  14:35  Zergling x6  
  190  14:46  Baneling x13  
  190  14:54  Drone x2  
  190  15:00  Zergling x20  
  190  15:01  Zergling x2  
  198  15:09  Baneling x17  
  195  15:14  Zergling x10  
  199  15:24  Corruptor x3  
  194  15:29  Corruptor  
  196  15:41  Corruptor x3  
  166  15:44  Zergling x40  
  163  15:53  Corruptor  
  163  15:54  Corruptor  
  163  15:56  Corruptor  
  163  15:57  Zergling x2  
  158  15:58  Zergling x2  
  158  15:59  Ravager  
  158  16:00  Ravager  
  157  16:11  Zergling x14  
Tags
 
Add a new tag
Caveats
  • Supply blocks, unpowered buildings, or Contaminate may cause inaccurate times.
  • Supply counts are checked every 10 seconds.